AoeStats
← ZionDCG97

Arena

509192953Analyzed
4v4 RM · 7d ago on Sep 25, 2026· 52m 45s· 8 players
Game mode
Random Map
Map size
Large (8 player)
Population
200
Speed
Normal
Resources
Standard
Victory
Conquest
Starting age
Dark Age
Ending age
Imperial Age
RankedLock teamsTeams togetherTeam positionsShared explorationLock speedFull tech treeHidden civsTurbo modeCheats
Victory
Defeat
🇺🇦 Aztecs · Ukraine
925
+14
🇬🇧 Britons · United Kingdom
911
+14
🇹🇼 Burgundians · Taiwan
872
+16
🇲🇽 Tatars · Mexico
815
+18
🇸🇪 Spanish · Sweden
906
-17
🇲🇽 Maya · Mexico
876
-16
🇧🇷 Turks · Brazil
869
-15
🇪🇸 Varangians · Spain
831
-14
Ahtkel
0:26 Loom
12:16 Feudal Age
16:00 Castle Age
14:06 Double-Bit Axe
17:01 Scale Mail Armor
18:01 Forging
18:38 Squires
19:49 Horse Collar
20:43 Eagle Warrior
22:14 Chain Mail Armor
24:28 Wheelbarrow
25:47 Iron Casting
25:21 Arson
27:59 Hand Cart
28:16 Heavy Plow
28:28 Bow Saw
31:25 Pikeman
36:08 Imperial Age
34:15 Town Watch
36:07 Fletching
36:18 Padded Archer Armor
36:41 Ballistics
36:50 Fortified Wall
36:53 Halberdier
38:09 Plate Mail Armor
38:40 Blast Furnace
37:33 Elite Plumed Archer
39:35 Crop Rotation
39:10 Bodkin Arrow
40:39 Chemistry
40:44 Conscription
41:11 Leather Archer Armor
43:19 Bracer
45:26 Heavy Scorpion
45:35 Elite Eagle Warrior
46:48 Holcans
47:04 Town Patrol
Tamor
12:34 Feudal Age
16:11 Castle Age
14:51 Double-Bit Axe
21:54 Imperial Age
19:39 Gold Mining
22:58 Padded Archer Armor
39:12 Wheelbarrow
38:56 Town Watch
41:45 Horse Collar
42:50 Leather Archer Armor
43:25 Conscription
44:28 Elite Janissary
45:12 Artillery
Harvey_Specter
12:26 Feudal Age
16:55 Castle Age
14:40 Horse Collar
14:49 Double-Bit Axe
21:32 Stone Mining
23:34 Gold Mining
24:47 Scale Mail Armor
24:58 Forging
31:22 Imperial Age
29:28 Gambesons
29:44 Squires
29:05 Pikeman
35:21 Wheelbarrow
35:09 Conscription
36:02 Murder Holes
37:12 Ballistics
37:53 Chemistry
37:34 Iron Casting
37:15 Chain Mail Armor
38:06 Hand Cart
39:17 Blast Furnace
40:01 Plate Mail Armor
39:54 Elite Varangian Guard
47:16 Siege Engineers
48:53 Bow Saw
48:52 Heavy Plow
51:59 Caravan
Drac
13:01 Feudal Age
14:56 Wheelbarrow
15:13 Double-Bit Axe
17:20 Gold Mining
18:30 Horse Collar
22:33 Castle Age
22:10 Stone Mining
24:26 Heavy Plow
24:39 Bow Saw
26:00 Pikeman
26:40 Squires
ZachPar
11:30 Feudal Age
15:02 Castle Age
12:51 Double-Bit Axe
14:54 Fletching
15:08 Padded Archer Armor
14:54 Horse Collar
16:11 Bodkin Arrow
16:08 Crossbowman
18:04 Loom
21:28 Wheelbarrow
20:54 Town Watch
24:00 Elite Skirmisher
26:35 Leather Archer Armor
39:35 Fortified Wall
40:44 Hand Cart
40:32 Town Patrol
42:48 Light Cavalry
43:28 Husbandry
47:13 Imperial Age
45:09 Gold Mining
49:04 Forging
49:00 Scale Barding Armor
49:32 Bracer
50:02 Ring Archer Armor
49:11 Arbalester
52:18 Iron Casting
53:58 Chemistry
53:18 Ballistics
53:31 Ring Archer Armor
54:02 Blast Furnace
ZionDCG97
8:45 Loom
14:00 Feudal Age
14:33 Double-Bit Axe
14:30 Horse Collar
19:31 Gold Mining
19:32 Stone Mining
24:27 Castle Age
24:15 Bloodlines
23:53 Arson
23:30 Man-at-Arms
24:29 Padded Archer Armor
24:20 Fletching
24:41 Forging
25:41 Wheelbarrow
26:00 Heavy Plow
26:02 Crossbowman
26:03 Elite Skirmisher
30:10 Scale Barding Armor
30:07 Scale Mail Armor
37:10 Bow Saw
37:40 Gold Shaft Mining
36:55 Treadmill Crane
37:36 Ballistics
40:04 Hand Cart
41:21 Masonry
41:06 Murder Holes
41:04 Heated Shot
42:18 Chain Barding Armor
42:13 Leather Archer Armor
41:54 Bodkin Arrow
46:01 Imperial Age
47:30 Plate Barding Armor
47:26 Ring Archer Armor
46:56 Bracer
48:00 Crop Rotation
49:09 Silk Armor
48:30 Elite Keshik
48:41 Sappers
49:33 Conscription
49:23 Timurid Siegecraft
51:40 Iron Casting
51:08 Caravan
51:39 Coinage
51:19 Guilds
50:58 Town Watch
52:16 Chemistry
51:28 Fortified Wall
51:09 Guard Tower
\mayre/
9:50 Feudal Age
10:18 Double-Bit Axe
10:14 Horse Collar
14:31 Scale Mail Armor
14:41 Forging
15:32 Wheelbarrow
16:37 Wheelbarrow
15:58 Gold Mining
19:45 Castle Age
17:42 Man-at-Arms
18:08 Arson
19:13 Stone Mining
21:06 Heavy Plow
21:17 Bow Saw
22:09 Gold Shaft Mining
22:10 Stone Shaft Mining
22:12 Iron Casting
21:52 Chain Mail Armor
23:15 Gambesons
23:31 Squires
24:41 Long Swordsman
26:21 Loom
26:21 Town Watch
33:28 Hand Cart
36:37 Imperial Age
34:45 Town Patrol
37:45 Garland Wars
36:48 Elite Jaguar Warrior
38:36 Blast Furnace
38:06 Plate Mail Armor
37:41 Caravan
38:11 Coinage
37:22 Two-Handed Swordsman
39:15 Conscription
40:08 Crop Rotation
42:22 Banking
45:34 Treadmill Crane
45:49 Murder Holes
46:00 Siege Engineers
46:08 Fortified Wall
45:48 Heated Shot
47:00 Chemistry
45:50 Guard Tower
46:00 Arrowslits
英京塚大
3:29 Double-Bit Axe
7:41 Horse Collar
10:28 Loom
13:18 Feudal Age
16:11 Town Watch
16:32 Gold Mining
18:47 Castle Age
17:03 Scale Barding Armor
17:09 Forging
17:28 Bow Saw
20:07 Husbandry
19:28 Cavalier
22:42 Gold Shaft Mining
24:40 Chain Barding Armor
26:02 Iron Casting
48:57 Imperial Age
49:03 Paladin
50:23 Plate Barding Armor
50:49 Blast Furnace
Connection lost

Rejoining the realm…

Still unreachable

The connection could not be restored.

Session expired

The server has moved on; the page needs a fresh start.